 Dungeon Crawl Stone Soup version 0.27.1-3-gb3d3a73c9e (webtiles) character file.

Game seed: 2762666482066963771

158204 Crownlay the Warrior (level 17, -1/163 HPs)
             Began as a Hill Orc Monk on Oct 8, 2021.
             Was a High Priest of Okawaru.
             Slain by a naga warrior (4 damage)
             ... on level 3 of the Snake Pit.
             The game lasted 01:19:30 (33908 turns).

Crownlay the Warrior (Hill Orc Monk)               Turns: 33908, Time: 01:19:30

Health: -1/163     AC: 28    Str: 21    XL:     17   Next: 71%
Magic:  0/37       EV:  9    Int: 10    God:    Okawaru [*****.]
Gold:   2004       SH: 18    Dex: 20    Spells: 16/16 levels left

rFire    + . .     SeeInvis .   d - +2 demon trident (drain)
rCold    + + +     Faith    .   Q - +2 kite shield {reflect}
rNeg     + + .     Spirit   +   T - +1 plate armour of Courage {-Tele Contam rC+++ MP+9}
rPois    .         Reflect  +   N - +2 hat {Stlth+}
rElec    +         Harm     .   K - +0 cloak of a bailey {Fly rC+ Regen+}
rCorr    .         Rampage  +   B - +0 pair of gloves
Will     +....     NoTele   +   S - +0 pair of boots of the Griffon {-Tele Rampage rN+ Dex+5}
Stlth    ..........             W - amulet of Gaat {Spirit rC+}
HPRegen  1.37/turn              X - ring "Zoavowna" {Fire rElec Dex+2}
MPRegen  0.25/turn              Y - ring "Varared" {+Blink rElec rC+++ rN+ Stlth-}

@: heroic, flying, very slightly contaminated, hasted and slowed, constricted,
invisible
A: no striking features
a: Renounce Religion, Evoke Blink, Heroism, Finesse


You were on level 3 of the Snake Pit.
You worshipped Okawaru.
Okawaru was extremely pleased with you.
You visited 4 branches of the dungeon, and saw 26 of its levels.
You also visited: Ossuary.

You collected 2981 gold pieces.
You spent 977 gold pieces at shops.

Inventory:

Hand Weapons
 d - a +2 demon trident of draining (weapon)
 r - a +1 antimagic demon blade
 J - a +2 hand axe of flaming
 V - a +2 battleaxe of electrocution
Missiles
 E - 14 curare-tipped darts (quivered)
Armour
 m - a +2 crystal plate armour
 B - a +0 pair of gloves (worn)
 K - the +0 cloak of a bailey (worn) {Fly rC+ Regen+}
   (You acquired it on level 1 of the Lair of Beasts)

   rC:        It protects you from cold.
   Fly:       It grants you flight.
   Regen:     It increases your rate of health regeneration.
 N - a +2 hat of stealth (worn)
 Q - a +2 kite shield of reflection (worn)
 S - the +0 pair of boots of the Griffon (worn) {-Tele Rampage rN+ Dex+5}
   (Okawaru gifted it to you on level 5 of the Lair of Beasts)

   Dex:       It affects your dexterity (+5).
   rN:        It protects you from negative energy.
   -Tele:     It prevents most forms of teleportation.
   Rampage:   It bestows one free step when moving towards enemies.
 T - the +1 plate armour of Courage (worn) {-Tele Contam rC+++ MP+9}
   (You found it on level 6 of the Lair of Beasts)

   rC:        It renders you almost immune to cold.
   MP:        It affects your magic capacity (+9).
   -Tele:     It prevents most forms of teleportation.
   Contam:    It causes magical contamination when unequipped.
 U - the +0 cloak "Kaimyenena" {Slay+2}
   (You found it on level 13 of the Dungeon)

   Slay:      It affects your accuracy & damage with ranged weapons and melee
   (+2).
Jewellery
 e - a ring of resist corrosion
 W - the amulet of Gaat (around neck) {Spirit rC+}
   (You found it on level 15 of the Dungeon)

   [amulet of guardian spirit]

   It causes incoming damage to be divided between your reserves of health and
   magic.
   rC:        It protects you from cold.
 X - the ring "Zoavowna" (left hand) {Fire rElec Dex+2}
   (You found it on level 15 of the Dungeon)

   [ring of fire]

   It enhances your fire magic.
   Dex:       It affects your dexterity (+2).
   rF:        It protects you from fire.
   rC:        It makes you vulnerable to cold.
   rElec:     It insulates you from electricity.
 Y - the ring "Varared" (right hand) {+Blink rElec rC+++ rN+ Stlth-}
   (You found it on level 15 of the Dungeon)

   [ring of positive energy]

   rC:        It renders you almost immune to cold.
   rElec:     It insulates you from electricity.
   rN:        It protects you from negative energy.
   +Blink:    It lets you blink.
   Stlth:     It makes you less stealthy.
Wands
 g - a wand of charming (25)
 h - a wand of mindburst (52)
 u - a wand of iceblast (2)
 A - a wand of flame (45)
 G - a wand of polymorph (16)
 H - a wand of acid (8)
 L - a wand of paralysis (15)
Scrolls
 b - 7 scrolls of immolation
 i - 3 scrolls of torment
 l - a scroll of fog
 o - 2 scrolls of silence
 p - 9 scrolls of teleportation
 q - a scroll of brand weapon
 t - 6 scrolls of vulnerability
 w - 3 scrolls of blinking
 y - 5 scrolls of holy word
 C - 2 scrolls of magic mapping
 D - 3 scrolls of enchant armour
 P - 5 scrolls of enchant weapon
Potions
 a - 3 potions of curing
 c - 3 potions of invisibility
 j - a potion of mutation
 k - 4 potions of attraction
 v - 4 potions of might
 z - 2 potions of berserk rage
 O - 2 potions of brilliance
 R - 3 potions of ambrosia
Miscellaneous
 F - a phantom mirror


   Skills:
 - Level 18.0(23.0) Fighting
 - Level 4.0(16.4) Axes
 - Level 13.8(19.0) Polearms
 * Level 16.6(21.6) Armour
 - Level 2.4(7.4) Dodging
 - Level 1.5(6.5) Stealth
 - Level 15.0(20.0) Shields
 - Level 15.0 Invocations
 - Level 10.0 Evocations


You had 16 spell levels left.
You didn't know any spells.
Your spell library contained the following spells:

 Spells                   Type           Power      Damage    Failure   Level
 Magic Dart               Conj           0%         1d3       93%         1
 Sandblast                Erth           0%         2d4       93%         1
 Sting                    Tmut/Pois      0%         1d3       93%         1
 Summon Small Mammal      Summ           0%         N/A       93%         1
 Call Imp                 Summ           0%         N/A       98%         2
 Corpse Rot               Necr/Air       N/A        N/A       98%         2
 Ensorcelled Hibernation  Hex/Ice        0%         N/A       98%         2
 Passwall                 Tmut/Erth      0%         N/A       98%         2
 Poisonous Vapours        Pois/Air       0%         N/A       98%         2
 Slow                     Hex            0%         N/A       98%         2
 Static Discharge         Conj/Air       0%         N/A       98%         2
 Call Canine Familiar     Summ           0%         N/A       100%        3
 Confusing Touch          Hex            0%         N/A       100%        3
 Ignite Poison            Fire/Tmut/Pois 0%         N/A       100%        3
 Mephitic Cloud           Conj/Pois/Air  0%         N/A       100%        3
 Spider Form              Tmut/Pois      0%         N/A       100%        3
 Summon Guardian Golem    Hex/Summ       0%         N/A       100%        3
 Swiftness                Air            0%         N/A       100%        3
 Dispel Undead            Necr           0%         3d6       100%        4
 Leda's Liquefaction      Hex/Erth       0%         N/A       100%        4
 Olgreb's Toxic Radiance  Pois           0%         N/A       100%        4
 Petrify                  Tmut/Erth      0%         N/A       100%        4
 Sticky Flame             Conj/Fire      0%         2d3       100%        4
 Bolt of Magma            Conj/Fire/Erth 0%         4d4       100%        5
 Fireball                 Conj/Fire      0%         3d3       100%        5
 Freezing Cloud           Conj/Ice/Air   0%         6-21      100%        5
 Lee's Rapid Deconstruct  Erth           0%         3d5*      100%        5
 Metabolic Englaciation   Hex/Ice        0%         N/A       100%        5
 Yara's Violent Unravell  Hex/Tmut       0%         3d3       100%        5
 Invisibility             Hex            0%         N/A       100%        6
 Shadow Creatures         Summ           N/A        N/A       100%        6
 Starburst                Conj/Fire      0%         6d3       100%        6
 Statue Form              Tmut/Erth      0%         N/A       100%        6
 Ignition                 Fire           0%         3d3       100%        8
 Chain Lightning          Conj/Air       0%         N/A       100%        9
 Fire Storm               Conj/Fire      0%         5d1       100%        9


Dungeon Overview and Level Annotations

Branches:
Dungeon (15/15)            Temple (0/1) D:7            Lair (6/6) D:8
 Shoals (0/4) Lair:3        Snake (3/4) Lair:2        Slime (0/5) Lair:5
    Orc (2/2) D:10            Elf (0/3) Orc:2        Vaults (0/5) D:14
 Depths (0/5) D:15        Ossuary (visited)

Altars:
Cheibriados
Dithmenos
Elyvilon
Fedhas
Hepliaklqana
Kikubaaqudgha
Makhleb
Okawaru
Qazlal
Trog
Xom
Yredelemnul
Beogh
Jiyva

Shops:
D:3 :   D:10 (*   D:12 :(*=   Orc:2 *!!=(   Snake:2 :

Annotations:
D:3 2 transporters, exclusion: door, dragonscale333's ghost, amateur DsGl


Message History

The anaconda blinks!
The naga warrior blinks into view!
You block the anaconda's attack. The anaconda closely misses you.
You block the naga warrior's attack. The naga warrior grabs you.
The naga warrior constricts you.
You closely miss the naga warrior.
You feel sick.
The anaconda bites you but does no damage.
You block the naga warrior's attack. The naga warrior constricts you.
* * * LOW HITPOINT WARNING * * *
You puncture the naga warrior!
The naga warrior is lightly wounded.
You block the anaconda's attack.
Okay, then.
Okay, then.
You puncture the naga warrior!
The naga warrior is lightly wounded.
You feel sick. You block the anaconda's attack.
The naga warrior hits you with a +0 halberd.
* * * LOW HITPOINT WARNING * * *
The naga warrior constricts you.
Okay, then.
You fade into invisibility!
You feel sick. The anaconda barely misses you. You block the anaconda's attack.
The naga warrior roars a battlecry!
The naga sharpshooter goes into a battle-frenzy!
The naga warrior constricts you.
You are very lightly contaminated with residual magic.
You puncture the naga warrior! You drain the naga warrior!
The naga warrior is heavily wounded.
You feel sick.
You are no longer poisoned.
You block the anaconda's attack.
You hit the naga warrior. You drain the naga warrior.
The naga warrior is heavily wounded.
The anaconda bites you but does no damage.
You block the naga warrior's attack. The naga warrior constricts you.
You puncture the naga warrior! You drain the naga warrior!
The naga warrior is severely wounded.
You block the anaconda's attack.
The naga warrior hits you with a +0 halberd.
You die...

##..###.####.# #N.NN##§#
####...##..#
#..##N####§§#
.......##..# #.....# #§§#
.......##..## ##N##.#
#§§# .......##...#
#.N##.# #§.#
.......##...#
#N###N###§§#
........#...# #S#
#...§§§# ........#...#
#S# ####)..#
.....##.#...# #@# #...#
#########...####N# #...#
##........))## ...#
#..........).# .#..#
#.....)).)##.....# #.#
####.........# ###..# ##
#............##.....##
##.##.........#.........
##..##...................


You could see a naga warrior (drained), 2 naga sharpshooters, a salamander
(strong), an anaconda and a guardian serpent.

Vanquished Creatures
  Jorgrun (Snake:2)
  2 sphinxes (D:14)
  Agnes (D:14)
  The ghost of loralnil the Black Belt, an adept MfTm of Makhleb (D:15)
  Aizul (Snake:1)
  An iron dragon (D:14)
  The ghost of Metae the Tortoise, a journeyman MiFi of Okawaru (Orc:2)
  An orc warlord (Orc:1)
  A stone giant (D:15)
  Nessos (D:13)
  Snorg (Lair:4)
  4 vault guards (D:14)
  A salamander tyrant (Snake:2)
  3 boulder beetles
  An ice dragon (D:15)
  6 centaur warriors
  7 hydras
  9 naga warriors
  8 two-headed ogres
  6 anacondas
  9 death yaks
  2 orc high priests (Orc:2)
  5 tengu warriors
  14 naga sharpshooters
  4 shock serpents
  3 salamander mystics
  A sea snake (Snake:2)
  5 naga ritualists
  A wizard (D:14)
  2 orc knights
  2 wolf spiders (Lair:6)
  10 mana vipers
  A deep elf pyromancer (D:13)
  2 oklob plants (Lair:5)
  8 ugly things
  6 orc sorcerers
  4 manticores
  6 cyclopes
  3 salamanders
  12 naga magi
  6 elephants (Lair:1)
  28 black mambas
  2 guardian serpents
  4 gargoyles
  16 cane toads
  2 rime drakes
  11 komodo dragons
  An unseen horror (D:11)
  6 yaktaurs
  4 kobold demonologists
  3 efreet
  2 ice devils (D:15)
  2 tengu conjurers
  8 trolls
  A wind drake (Lair:3)
  Grinder (D:5)
  A wolf spider simulacrum (D:15)
  Prince Ribbit (D:5)
  4 polar bears
  4 slime creatures
  3 hornets
  4 dream sheep (Lair:5)
  14 blink frogs
  3 shadows
  5 centaur simulacra (D:15)
  2 water elementals (D:12)
  Sigmund (D:5)
  2 redbacks (Lair:6)
  3 wraiths
  66 yaks
  9 wyverns
  8 basilisks
  2 vampire mosquitoes
  34 nagas
  3 wargs
  Edmund (D:6)
  4 acid dragons
  18 water moccasins
  3 ice beasts
  27 orc warriors
  2 black bears (D:8)
  5 ogres
  2 necrophages
  4 boggarts (Lair:5)
  7 wolves
  12 centaurs
  A phantom (D:5)
  9 kobold brigands
  2 elf zombies (Ossuary)
  3 scorpions
  13 bullfrogs
  2 gnoll sergeants
  4 killer bees (D:8)
  5 spriggan skeletons (D:11)
  9 wights
  A troll skeleton (D:11)
  9 electric eels
  10 howler monkeys
  15 centaur zombies
  A hound (D:5)
  A jelly (D:6)
  15 orc priests
  4 human zombies (Ossuary)
  A centaur skeleton (D:4)
  3 iguanas
  27 orc wizards
  5 hell rats
  A hound zombie (D:5)
  2 howler monkey zombies
  3 mummies (Ossuary)
  8 adders
  11 gnolls
  An ufetubus (D:6)
  An adder skeleton (D:4)
  4 worms
  6 dart slugs
  54 orcs
  6 endoplasms
  4 giant cockroaches
  13 goblins
  5 hobgoblins
  5 jackals (D:3)
  2 quokkas (D:1)
  6 ball pythons
  5 bats
  2 frilled lizards
  A jackal zombie (D:4)
  21 kobolds
  10 rats
  A butterfly (D:10)
820 creatures vanquished.

Vanquished Creatures (others)
  A wizard (D:14)
  A shadow (D:13)
  33 fungi
  60 plants
95 creatures vanquished.

Grand Total: 915 creatures vanquished

Notes
Turn   | Place    | Note
-------+----------+-------------------------------------------
     0 | D:1      | Crownlay the Hill Orc Monk began the quest for the Orb.
     0 | D:1      | Reached XP level 1. HP: 19/19 MP: 1/1
   233 | D:1      | Reached skill level 4 in Fighting
   271 | D:1      | Reached XP level 2. HP: 27/27 MP: 2/2
   358 | D:1      | Reached skill level 1 in Polearms
   434 | D:1      | Found a faded altar of an unknown god.
   886 | D:1      | Reached XP level 3. HP: 34/34 MP: 3/3
  1584 | D:2      | Reached XP level 4. HP: 41/41 MP: 4/4
  1629 | D:3      | Noticed a scorpion
  1634 | D:3      | Killed a scorpion
  1635 | D:3      | Reached skill level 5 in Fighting
  1635 | D:3      | Reached XP level 5. HP: 23/48 MP: 5/5
  2293 | D:3      | Noticed a moth of wrath
  2295 | D:3      | Found a bloodstained altar of Trog.
  2458 | D:3      | Reached XP level 6. HP: 56/56 MP: 6/6
  2664 | D:3      | Found Moicun's Book Boutique.
  2732 | D:3      | Found a transporter.
  2735 | D:3      | Noticed dragonscale333's ghost (amateur DsGl)
  2736 | D:3      | Found a transporter.
  2996 | D:4      | Reached skill level 5 in Polearms
  3164 | D:4      | Reached skill level 1 in Armour
  3166 | D:4      | Found a sand-covered staircase.
  3172 | Ossuary  | Entered an ossuary
  3248 | Ossuary  | Reached skill level 6 in Fighting
  3260 | Ossuary  | Reached XP level 7. HP: 9/63 MP: 7/7
  4168 | D:4      | Found a hazy altar of Hepliaklqana.
  4169 | D:4      | Found an ancient bone altar of Kikubaaqudgha.
  4170 | D:4      | Found a snail-covered altar of Cheibriados.
  4170 | D:4      | Found a basalt altar of Yredelemnul.
  4171 | D:4      | Found a shadowy altar of Dithmenos.
  4172 | D:4      | Found a burning altar of Makhleb.
  4443 | D:4      | Identified the +5 quarterstaff "Limuv" {antimagic, rC-
                  | Will++ Int+4}
  4452 | D:4      | Reached XP level 8. HP: 71/71 MP: 8/8
  4568 | D:5      | Entered Level 5 of the Dungeon
  4568 | D:5      | Noticed Sigmund
  4571 | D:5      | Killed Sigmund
  4572 | D:5      | Reached skill level 7 in Fighting
  4652 | D:5      | Found an iron altar of Okawaru.
  4661 | D:5      | Became a worshipper of Warmaster Okawaru
  4661 | D:5      | Reached * piety under Okawaru
  4661 | D:5      | Reached ** piety under Okawaru
  4791 | D:5      | Found a stormy altar of Qazlal.
  4799 | D:5      | Reached skill level 1 in Invocations
  4916 | D:5      | Noticed a yak
  4922 | D:5      | Noticed a yak
  4924 | D:5      | Noticed a yak
  4925 | D:5      | Noticed a yak
  4927 | D:5      | Killed a yak
  4934 | D:5      | Killed a yak
  4935 | D:5      | Reached skill level 8 in Fighting
  4935 | D:5      | Reached XP level 9. HP: 71/81 MP: 9/11
  4943 | D:5      | Reached *** piety under Okawaru
  5217 | D:5      | Noticed Grinder
  5239 | D:5      | Paralysed by Grinder for 4 turns
  5247 | D:5      | Killed Grinder
  5248 | D:5      | Reached skill level 5 in Armour
  5436 | D:5      | Noticed Prince Ribbit
  5462 | D:5      | Killed Prince Ribbit
  5463 | D:5      | Reached skill level 9 in Fighting
  5463 | D:5      | Reached skill level 5 in Invocations
  5478 | D:5      | Reached **** piety under Okawaru
  5718 | D:6      | HP: 4/81 [wight (6)]
  5745 | D:6      | HP: 2/81 [wight (8)]
  6133 | D:6      | Identified the +5 dagger "Waoliymm" {venom, rC+}
  6617 | D:6      | Found a white marble altar of Elyvilon.
  6628 | D:6      | Noticed Edmund
  6655 | D:6      | Killed Edmund
  6656 | D:6      | Reached XP level 10. HP: 71/93 MP: 12/15
  7298 | D:7      | Noticed a two-headed ogre
  7298 | D:7      | You fall into a shaft and drop 3 floors!
  7298 | D:10     | Entered Level 10 of the Dungeon
  7389 | D:8      | Reached skill level 10 in Fighting
  7393 | D:8      | Reached skill level 10 in Polearms
  8256 | D:7      | Found a staircase to the Ecumenical Temple.
  8360 | D:7      | Killed a two-headed ogre
  8360 | D:7      | Reached ***** piety under Okawaru
  8952 | D:8      | Reached skill level 11 in Fighting
  9114 | D:8      | Found a blossoming altar of Fedhas.
  9163 | D:8      | Noticed a kobold demonologist
  9181 | D:8      | Killed a kobold demonologist
  9181 | D:8      | Received a gift from Okawaru
  9320 | D:8      | Found a staircase to the Lair.
  9349 | D:8      | Reached XP level 11. HP: 85/102 MP: 18/18
 10289 | D:9      | Reached skill level 10 in Invocations
 11670 | D:10     | Noticed a two-headed ogre
 11685 | D:10     | Killed a two-headed ogre
 11829 | D:10     | Reached skill level 12 in Fighting
 12005 | D:10     | Found a shimmering altar of Xom.
 12037 | D:10     | Received a gift from Okawaru
 12315 | D:10     | Found Gechinoa's Weapon Emporium.
 12465 | D:10     | Found a staircase to the Orcish Mines.
 12679 | D:10     | Reached skill level 1 in Shields
 12791 | D:10     | Received a gift from Okawaru
 13023 | D:10     | Found Lyduufif's General Store.
 13313 | D:11     | Reached XP level 12. HP: 99/112 MP: 19/21
 13317 | D:11     | Reached ****** piety under Okawaru
 13418 | D:11     | Noticed a two-headed ogre
 13462 | D:10     | Killed a two-headed ogre
 14420 | D:11     | Noticed a tengu warrior
 14443 | D:11     | Killed a tengu warrior
 14701 | D:11     | Noticed a two-headed ogre
 14729 | D:11     | Killed a two-headed ogre
 14738 | D:11     | Received a gift from Okawaru
 15475 | D:11     | Reached skill level 5 in Shields
 16575 | Lair:1   | Entered Level 1 of the Lair of Beasts
 16611 | Lair:1   | Reached XP level 13. HP: 115/118 MP: 22/22
 17142 | Lair:1   | Received a gift from Okawaru
 17297 | Lair:1   | Identified a scroll of acquirement
 17396 | Lair:1   | Acquired the +0 cloak of a bailey {Fly rC+ Regen+}
 17823 | Lair:2   | Reached skill level 10 in Shields
 18010 | Lair:2   | Found a staircase to the Snake Pit.
 18518 | Lair:3   | Received a gift from Okawaru
 18690 | Lair:3   | Found a snail-covered altar of Cheibriados.
 18967 | Lair:3   | Found a staircase to the Shoals.
 18989 | Lair:3   | Received a gift from Okawaru
 19206 | Lair:3   | You are sucked into a shaft and drop 3 floors!
 19206 | Lair:6   | Entered Level 6 of the Lair of Beasts
 19376 | Lair:6   | Reached XP level 14. HP: 82/126 MP: 23/23
 19694 | Lair:5   | Identified the +0 pair of boots of the Griffon {-Tele
                  | Rampage rN+ Dex+5} (Okawaru gifted it to you on level 5 of
                  | the Lair of Beasts)
 19694 | Lair:5   | Received a gift from Okawaru
 20099 | Lair:5   | Reached skill level 1 in Evocations
 20970 | Lair:4   | Reached skill level 15 in Shields
 21064 | Lair:4   | You are sucked into a shaft and drop 2 floors!
 21259 | Lair:4   | Noticed Snorg
 21272 | Lair:4   | Killed Snorg
 21359 | Lair:4   | Identified the +2 plate armour of the Boiling Point {rF+
                  | rC+ Will- Stlth+} (Okawaru gifted it to you on level 4 of
                  | the Lair of Beasts)
 21359 | Lair:4   | Received a gift from Okawaru
 21429 | Lair:4   | Reached skill level 13 in Fighting
 21936 | Lair:4   | Reached skill level 5 in Evocations
 22375 | Lair:5   | Found a viscous altar of Jiyva.
 22375 | Lair:5   | Found a staircase to the Slime Pits.
 22565 | Lair:6   | Identified the +1 plate armour of Courage {-Tele Contam
                  | rC+++ MP+9}
 22773 | Lair:6   | Reached XP level 15. HP: 137/137 MP: 24/24
 22983 | Lair:6   | Reached skill level 14 in Fighting
 23814 | Orc:1    | Entered Level 1 of the Orcish Mines
 24026 | D:3      | Bought a manual of Armour for 880 gold pieces
 24406 | Orc:1    | Noticed an orc warlord
 24441 | Orc:1    | Killed an orc warlord
 24756 | Orc:2    | Entered Level 2 of the Orcish Mines
 24832 | Orc:2    | Received a gift from Okawaru
 24945 | Orc:2    | Found a runed translucent door.
 24945 | Orc:2    | Noticed Metae's ghost (journeyman MiFi)
 24981 | Orc:2    | Killed Metae's ghost
 25024 | Orc:2    | Found a staircase to the Elven Halls.
 25113 | Orc:2    | Found Zuek's Assorted Antiques.
 25162 | Orc:2    | Found a roughly hewn altar of Beogh.
 25518 | Orc:2    | Reached skill level 10 in Armour
 25550 | Orc:2    | Found Hiakeb's Distillery.
 25550 | Orc:2    | Found Muofoani's Distillery.
 25551 | Orc:2    | Found Acuofikh's Antique Weapon Boutique.
 25559 | Orc:2    | Found Abaicap's Jewellery Boutique.
 25962 | D:12     | Found Wuaxt's Jewellery Emporium.
 26081 | D:12     | Found Pesoruaff's Antique Weapon Shoppe.
 26089 | D:12     | Found Gafiu's General Store.
 26133 | D:12     | Bought a scroll of enchant weapon for 97 gold pieces
 26304 | D:12     | Received a gift from Okawaru
 26516 | D:12     | Identified the +1 ring mail of the Shoals {rPois rF+ rC-
                  | Slay+3}
 26769 | D:12     | Found Enyewe's Book Emporium.
 27085 | D:13     | Identified the +0 cloak "Kaimyenena" {Slay+2}
 27283 | D:13     | Noticed Nessos
 27297 | D:13     | Killed Nessos
 27755 | D:14     | Noticed Agnes
 27796 | D:14     | Killed Agnes
 27796 | D:14     | Received a gift from Okawaru
 27853 | D:14     | Reached XP level 16. HP: 141/147 MP: 26/26
 27986 | D:14     | Found a gate to the Vaults.
 28009 | D:14     | Reached skill level 15 in Fighting
 28425 | D:14     | Found a runed translucent door.
 28768 | D:14     | Noticed a sphinx
 28776 | D:14     | Paralysed by a sphinx for 6 turns
 28786 | D:14     | Killed a sphinx
 28829 | D:14     | Noticed a sphinx
 28842 | D:14     | Killed a sphinx
 28929 | D:15     | Entered Level 15 of the Dungeon
 28954 | D:15     | Found a runed translucent gate.
 29124 | D:15     | Found a runed translucent gate.
 29124 | D:15     | Found a runed translucent gate.
 29149 | D:15     | Noticed loralnil's ghost (adept MfTm)
 29223 | D:15     | Found a staircase to the Depths.
 29405 | D:15     | Identified the amulet of Gaat {Spirit rC+}
 29622 | D:15     | Killed loralnil's ghost
 29652 | D:15     | Received a gift from Okawaru
 29775 | D:15     | Got the ring "Zoavowna" {Fire rElec Dex+2}
 29777 | D:15     | Identified the ring "Varared" {+Blink rElec rC+++ rN+
                  | Stlth-}
 30012 | Snake:1  | Entered Level 1 of the Snake Pit
 30176 | Snake:1  | Reached skill level 15 in Armour
 31234 | Snake:1  | Noticed Aizul
 31262 | Snake:1  | Killed Aizul
 31263 | Snake:1  | Reached skill level 16 in Fighting
 31462 | Snake:2  | Reached XP level 17. HP: 132/158 MP: 28/28
 31532 | Snake:2  | Reached skill level 15 in Invocations
 31532 | Snake:2  | Reached skill level 10 in Evocations
 31705 | Snake:2  | Received a gift from Okawaru
 31743 | Snake:2  | Noticed Jorgrun
 32097 | Snake:2  | Killed Jorgrun
 32098 | Snake:2  | Reached skill level 17 in Fighting
 32210 | Snake:2  | Found Voewowall's Book Boutique.
 33188 | Snake:3  | Identified the +1 leather armour of Purpose {Contam rC++
                  | Stlth+}
 33220 | Snake:3  | Reached skill level 18 in Fighting
 33641 | Snake:3  | Received a gift from Okawaru
 33895 | Snake:3  | HP: 6/163 [guardian serpent/bolt of poison (10)]
 33900 | Snake:3  | HP: 5/163 [poisoned by a guardian serpent (bolt of poison)]
 33904 | Snake:3  | HP: 1/163 [naga warrior (4)]
 33908 | Snake:3  | Slain by a naga warrior

Illustrated notes

Levels and vault maps discovered:
D:1:      minmay_arrival_jagged, layout_loops_ring,
          shapermc_ecumenical_altar_mp_highgroup, ebering_dispersal_statue_hall,
          serial_bayou_crossing
D:2:      layout_loops_cross, serial_bayou_pond_c, chequers_avenue
D:3:      layout_loops_ring, tgw_trog, serial_shops, shop, gammafunk_ghost_arena
D:4:      minmay_skewed_foursquare, layout_cave_pools,
          grunt_temple_overflow_open, nicolae_ossuary_entry_plus
D:5:      layout_basic, okawaru_trees_1, mainiacjoe_overflow_tiny_flanked,
          corexii_hall_statues_x, uniq_grinder, uniq_sigmund,
          uniq_prince_ribbit1
D:6:      layout_basic, mainiacjoe_overflow_alcove_1, uniq_edmund, uniq_pikel
D:7:      layout_rooms, minmay_temple_entry_glassed_door
D:8:      minmay_evil_eye, layout_loops_corners,
          mainiacjoe_overflow_cross_hatched, grunt_lair_entry_orc_guard_hut,
          due_unseen_surprise
D:9:      layout_basic
D:10:     layout_loops_ring, xom_butterflies, david_orc_1_choice, serial_shops,
          nicolae_shop_trees, shop_coins
D:11:     minmay_the_grid_octo_tiled_squarecenter [minmay_the_grid_octo_horde,
          minmay_the_grid_octo_77, minmay_the_grid_octo_chip,
          minmay_the_grid_octo_clover,
          minmay_the_grid_square_5x5_megaprize_crossed,
          minmay_the_grid_square_5x5_seven, minmay_the_grid_square_5x5_plus,
          minmay_the_grid_square_5x5_n_small, minmay_the_grid_square_5x5_eight],
          layout_small_grid, hangedman_decor_push, st_stairs_10,
          hangedman_tell_no_tales
D:12:     layout_basic, serial_shops, shop_statue, nicolae_shop_stone,
          nicolae_lakefront_shop, nicolae_shop_behind_doors,
          minmay_fractal_squares_5
D:13:     layout_loops_ring, uniq_nessos
D:14:     layout_roguey, grunt_vaults_entry_fortified,
          chequers_serial_rivers_room_a, minivault_13, uniq_agnes
D:15:     grunt_enter_depths_snipers, layout_basic, gammafunk_ghost_icy,
          minmay_tree_intersection
Lair:1:   layout_hall_layers
Lair:2:   layout_regular_city, guppyfry_snake_entry_island
Lair:3:   layout_regular_city, minmay_shoals_entry_beasts, basic_altar,
          grunt_forest_stairs_basic, grunt_megastairs_1, lemuel_fruit_tree,
          lemuel_fruit_fields, serial_bayou_shore_b, serial_bayou_shore_b,
          lemuel_fruit_fields
Lair:4:   layout_gridlike, st_stairs_7, serial_bayou_shore_a, uniq_snorg
Lair:5:   layout_gridlike, dpeg_slime_entry_enclosed_altar,
          kilobyte_rumbling_trees, serial_bayou_shore_b, lemuel_fruit_fields,
          infiniplex_staircase_pool, lemuel_fruit_fields,
          minmay_lair_oklob_chamber
Lair:6:   hangedman_lair_tendril_chambers, layout_cave_pods
Snake:1:  layout_grid_maze, uniq_aizul
Snake:2:  layout_grid_shapes, serial_shops, shop, nicolae_snake_bzzzt,
          uniq_jorgrun
Snake:3:  layout_rooms, serial_shops, statue_bzr
Orc:1:    layout_diamond_mine
Orc:2:    st_orc_mages, layout_diamond_mine, gammafunk_ghost_grave, basic_altar,
          serial_shops, shop

Skill      XL: |  1  2  3  4  5  6  7  8  9 10 11 12 13 14 15 16 17 |
---------------+----------------------------------------------------+-----
Fighting       | 4 5 6 8 9 11 12 13 14 16 18 | 18.0
Polearms       | 1 2 3 4 5 6 8 9 11 12 13 | 13.8
Armour         | 1 3 4 5 8 12 15 16 | 16.6
Invocations    | 3 6 9 12 13 14 15 | 15.0
Shields        | 2 7 13 15 | 15.0
Evocations     | 6 8 9 10 | 10.0
Axes           | |  4.0
Dodging        | |  2.4
Stealth        | |  1.5

Action                   |  1- 3 |  4- 6 |  7- 9 | 10-12 | 13-15 | 16-18 || total
-------------------------+-------+-------+-------+-------+-------+-------++-------
Melee: Hand axe          |     8 |       |       |       |    21 |       ||    29
       Demon trident     |    64 |   136 |   326 |   829 |  1710 |  1074 ||  4139
Throw: Throwing net      |       |       |     1 |     1 |       |       ||     2
       Dart              |       |       |     1 |     4 |     3 |       ||     8
Invok: Heroism           |       |       |     2 |     7 |    17 |    12 ||    38
       Finesse           |       |       |       |     3 |       |     4 ||     7
Evoke: Wand              |       |       |       |       |     3 |    10 ||    13
  Use: Scroll            |       |     3 |     6 |    12 |     8 |     7 ||    36
       Potion            |       |       |     1 |       |     5 |    10 ||    16
 Stab: Sleeping          |     4 |     5 |       |       |       |       ||     9
       Held in net/web   |       |       |       |     1 |       |       ||     1
       Fleeing           |       |       |       |       |       |     1 ||     1
Armor: Robe              |     5 |     5 |       |       |       |       ||    10
       Ring mail         |       |    31 |    82 |    19 |       |       ||   132
       Chain mail        |       |       |       |   275 |   280 |       ||   555
       Plate armour      |       |       |       |       |   251 |   354 ||   605
Dodge: Dodged            |    27 |    74 |   110 |   223 |   314 |   208 ||   956
Block: Buckler           |       |       |       |    44 |   108 |       ||   152
       Kite shield       |       |       |       |       |   690 |   645 ||  1335
       Reflection        |       |       |       |       |    40 |   107 ||   147
